 Dungeon Crawl Stone Soup version 0.26-a0-651-gb41185065b (webtiles) character file.

Game seed: 12036077518960988574

714638 Lanoc the Ecstatic (level 27, -10/292 HPs)
             Began as a Troll Gladiator on Sept 30, 2020.
             Was a Follower of Uskayaw.
             Mangled by a greater mummy (13 damage)
             ... on level 19 of a ziggurat.
             The game lasted 02:20:34 (55909 turns).

Lanoc the Ecstatic (Troll Gladiator)               Turns: 55909, Time: 02:20:35

Health: -10/292    AC: 45    Str: 36    XL:     27
Magic:  31/38      EV: 20    Int:  6    God:    Uskayaw [*.....]
Gold:   7855       SH: 23    Dex: 20    Spells: 25/26 levels left

rFire    + + +     SeeInvis +   a - +8 mithril axe "Arga" {speed, MR+}
rCold    + + .     Faith    .   c - +0 tower shield {rN+}
rNeg     + . .     Spirit   .   x - +8 gold dragon scales
rPois    +         Reflect  .   F - +3 crown of Dyrovepreva {rElec Int+2 SInv}
rElec    +         Harm     .   G - +1 cloak of Starlight {rElec rC+ EV+4 Stlth--}
rCorr    .         Rampage  .   (gloves unavailable)
MR       ++++.                  (boots unavailable)
Stlth    ..........             r - amulet of Okkoxtah {Acrobat +Inv Slay+3 Stlth+}
HPRegen  0.98/turn              y - ring "Muagaog" {AC+4 Slay+6}
MPRegen  0.26/turn              U - ring of Ebraheeg {rF+ MR+ Str+6 Slay+3}

@: lethally poisoned (-10 -> -10), flayed, slowed, studying 3 skills, very slow
A: large, unfitting armour, claws 3, deterioration 1, fire resistance 2,
regeneration 1, screaming 1, shaggy fur 1, tough skin 3
}: 3/15 runes: barnacled, silver, gossamer
a: Stomp, Renounce Religion, Evoke Invisibility


You were on level 19 of a ziggurat.
You worshipped Uskayaw.
Uskayaw was extremely pleased with you.
You visited 9 branches of the dungeon, and saw 47 of its levels.
You visited the Abyss 1 time.
You visited 1 ziggurat, and saw 19 of its levels.
You also visited: Trove, Bailey, Gauntlet, Ice Cave and Wizlab.

You collected 9474 gold pieces.
You spent 1619 gold pieces at shops.

Inventory:

Hand Weapons
 a - the +8 mithril axe "Arga" (weapon) {speed, MR+}
   (You bought it in a shop on level 6 of the Dungeon)

   Attacks with this weapon are significantly faster.
   It affects your resistance to hostile enchantments.
 b - the +3 giant club "Skullcrusher" {speed, Str+7}
   (You found it in an ice cave)

   Attacks with this weapon are significantly faster.
   It affects your strength (+7).
 D - the +7 Singing Sword {vorpal, sonic wave}
   (You found it on level 13 of a ziggurat)

   It inflicts extra damage upon your enemies.
 P - the +8 demon trident "Rift" {distort, reach+}
   (You found it on level 13 of a ziggurat)

   It warps and distorts space around it.
   Unwielding it can cause banishment or high damage.
Missiles
 X - 8 throwing nets (quivered)
Armour
 c - a +0 tower shield of positive energy (worn)
 x - +8 gold dragon scales (worn)
 B - +2 pearl dragon scales
 F - the +3 crown of Dyrovepreva (worn) {rElec Int+2 SInv}
   (You found it in a Gauntlet)

   It affects your intelligence (+2).
   It insulates you from electricity.
   It lets you see invisible.
 G - the +1 cloak of Starlight (worn) {rElec rC+ EV+4 Stlth--}
   (You found it in a wizard's laboratory)

   It affects your evasion (+4).
   It protects you from cold.
   It insulates you from electricity.
   It makes you much less stealthy.
Jewellery
 r - the amulet of Okkoxtah (around neck) {Acrobat +Inv Slay+3 Stlth+}
   (You took it off a fire giant on level 2 of the Depths)

   [amulet of the acrobat]

   It helps you evade while moving and waiting.
   It affects your accuracy and damage with ranged weapons and melee attacks
   (+3).
   It lets you turn invisible.
   It makes you more stealthy.
 y - the ring "Muagaog" (left claw) {AC+4 Slay+6}
   (You found it in a Gauntlet)

   [ring of protection]

   It affects your AC (+4).
   It affects your accuracy and damage with ranged weapons and melee attacks
   (+6).
 Q - an uncursed ring of resist corrosion
 U - the ring of Ebraheeg (right claw) {rF+ MR+ Str+6 Slay+3}
   (You found it on level 11 of a ziggurat)

   [ring of protection from magic]

   It affects your strength (+6).
   It affects your accuracy and damage with ranged weapons and melee attacks
   (+3).
   It protects you from fire.
   It affects your resistance to hostile enchantments.
 W - the ring "Vuig" {rPois AC+4 Dex+3 Stlth+}
   (You found it on level 13 of a ziggurat)

   [ring of protection]

   It affects your AC (+4).
   It affects your dexterity (+3).
   It protects you from poison.
   It makes you more stealthy.
Wands
 t - a wand of polymorph (11)
 v - a wand of digging (22)
 T - a wand of acid (19)
 Z - a wand of iceblast (13)
Scrolls
 f - 6 scrolls of immolation
 g - 22 scrolls of identify
 l - 35 scrolls of remove curse
 m - 2 scrolls of summoning
 n - 6 scrolls of blinking
 q - 7 scrolls of fog
 E - a scroll of amnesia
 I - 9 scrolls of fear
 K - 5 scrolls of silence
 L - 5 scrolls of magic mapping
 M - 36 scrolls of teleportation
 R - 4 scrolls of holy word
 S - 6 scrolls of enchant weapon
Potions
 d - 20 potions of curing
 h - 7 potions of lignification
 i - 8 potions of mutation
 j - 4 potions of brilliance
 k - 6 potions of invisibility
 o - 2 potions of heal wounds
 s - 4 potions of resistance
 u - 7 potions of might
 A - 7 potions of haste
 J - 8 potions of magic
 N - 7 potions of ambrosia
 O - 5 potions of cancellation
 Y - a potion of berserk rage
Books
 e - a manual of Axes
 w - a manual of Fighting
 V - a manual of Bows
Miscellaneous
 p - a condenser vane (1/2)
 z - a phantom mirror
 C - a tin of tremorstones (3/3)
 H - a box of beasts (3/3)


   Skills:
 + Level 20.3 Fighting
 - Level 18.0 Axes
 - Level 1.7 Throwing
 + Level 20.6 Armour
 + Level 15.8 Dodging
 + Level 14.7 Shields
 + Level 24.9 Invocations


You had 25 spell levels left.
You knew the following spells:

 Your Spells              Type           Power        Failure   Level
a - Apportation           Tloc           #.....       98%         1

Your spell library contained the following spells:

 Spells                   Type           Power        Failure   Level
 Animate Skeleton         Necr           #.....       98%         1
 Beastly Appendage        Tmut           #.....       98%         1
 Corona                   Hex            #......      98%         1
 Foxfire                  Conj/Fire      #...         98%         1
 Freeze                   Ice            #...         98%         1
 Magic Dart               Conj           #...         98%         1
 Pain                     Necr           #...         98%         1
 Sandblast                Erth           #.....       98%         1
 Shock                    Conj/Air       #...         98%         1
 Sting                    Tmut/Pois      #...         98%         1
 Summon Small Mammal      Summ           #...         98%         1
 Blink                    Tloc           N/A          99%         2
 Call Imp                 Summ           #.......     99%         2
 Ensorcelled Hibernation  Hex/Ice        #.....       99%         2
 Passwall                 Tmut/Erth      #.......     99%         2
 Poisonous Vapours        Pois/Air       #.....       99%         2
 Searing Ray              Conj           #.....       99%         2
 Swiftness                Air            #.......     99%         2
 Wereblood                Tmut           #.......     99%         2
 Call Canine Familiar     Summ           #.......     100%        3
 Confusing Touch          Hex            #.......     100%        3
 Conjure Flame            Conj/Fire      #.......     100%        3
 Dazzling Flash           Conj/Hex       #.....       100%        3
 Frozen Ramparts          Ice            #.....       100%        3
 Gell's Gravitas          Tloc           #.........   100%        3
 Ignite Poison            Fire/Tmut/Pois #.......     100%        3
 Inner Flame              Hex/Fire       #.......     100%        3
 Lesser Beckoning         Tloc           #.........   100%        3
 Mephitic Cloud           Conj/Pois/Air  #.......     100%        3
 Ozocubu's Armour         Ice            #.......     100%        3
 Portal Projectile        Hex/Tloc       #.....       100%        3
 Spider Form              Tmut/Pois      #.........   100%        3
 Static Discharge         Conj/Air       #.......     100%        3
 Stone Arrow              Conj/Erth      #.....       100%        3
 Summon Guardian Golem    Hex/Summ       #.......     100%        3
 Teleport Other           Tloc           #.......     100%        3
 Tukima's Dance           Hex            #.......     100%        3
 Vampiric Draining        Necr           #.........   100%        3
 Airstrike                Air            #.........   100%        4
 Animate Dead             Necr           #.........   100%        4
 Cause Fear               Hex            #.........   100%        4
 Fulminant Prism          Conj/Hex       #.........   100%        4
 Hailstorm                Conj/Ice       #.......     100%        4
 Ice Form                 Ice/Tmut       #.......     100%        4
 Iskenderun's Mystic Bla  Conj/Tloc      #.......     100%        4
 Leda's Liquefaction      Hex/Erth       #.........   100%        4
 Olgreb's Toxic Radiance  Pois           #.......     100%        4
 Passage of Golubria      Tloc           N/A          100%        4
 Petrify                  Tmut/Erth      #.......     100%        4
 Sticky Flame             Conj/Fire      #.......     100%        4
 Summon Ice Beast         Ice/Summ       #.......     100%        4
 Summon Lightning Spire   Summ/Air       #.......     100%        4
 Agony                    Necr           #.......     100%        5
 Alistair's Intoxication  Tmut/Pois      #........    100%        5
 Blade Hands              Tmut           #.........   100%        5
 Bolt of Magma            Conj/Fire/Erth #.........   100%        5
 Fireball                 Conj/Fire      #.........   100%        5
 Irradiate                Conj/Tmut      #.........   100%        5
 Iskenderun's Battlesphe  Conj           #.......     100%        5
 Lee's Rapid Deconstruct  Erth           #.........   100%        5
 Lightning Bolt           Conj/Air       #.........   100%        5
 Metabolic Englaciation   Hex/Ice        #.........   100%        5
 Silence                  Hex/Air        #.........   100%        5
 Summon Demon             Summ           #.........   100%        5
 Summon Forest            Summ/Tloc      #.........   100%        5
 Summon Mana Viper        Hex/Summ       #.......     100%        5
 Yara's Violent Unravell  Hex/Tmut       #.........   100%        5
 Conjure Ball Lightning   Conj/Air       #.........   100%        6
 Eringya's Noxious Bog    Tmut/Pois      #.........   100%        6
 Freezing Cloud           Conj/Ice/Air   #.........   100%        6
 Invisibility             Hex            #.......     100%        6
 Iron Shot                Conj/Erth      #.........   100%        6
 Ozocubu's Refrigeration  Ice            #.........   100%        6
 Shadow Creatures         Summ           N/A          100%        6
 Simulacrum               Ice/Necr       #.........   100%        6
 Statue Form              Tmut/Erth      #........    100%        6
 Malign Gateway           Summ/Tloc      #.........   100%        7
 Orb of Destruction       Conj           #.........   100%        7
 Spellforged Servitor     Conj/Summ      #.........   100%        7
 Summon Hydra             Summ           #.........   100%        7
 Chain Lightning          Conj/Air       #.........   100%        8
 Discord                  Hex            #.........   100%        8
 Ignition                 Fire           #.........   100%        8
 Lehudib's Crystal Spear  Conj/Erth      #.........   100%        8
 Absolute Zero            Ice            #.........   100%        9
 Fire Storm               Conj/Fire      #.........   100%        9
 Shatter                  Erth           #.........   100%        9
 Tornado                  Air            #.........   100%        9


Dungeon Overview and Level Annotations

Branches:
Dungeon (15/15)            Temple (1/1) D:5            Lair (6/6) D:10
 Shoals (4/4) Lair:2       Spider (4/4) Lair:3        Slime (0/5) Lair:5
    Orc (2/2) D:10         Vaults (5/5) D:13          Crypt (0/3) Vaults:2
 Depths (5/5) D:15            Zot (5/5) Depths:5     Bailey (visited)
  IceCv (visited)          WizLab (visited)         Gauntlet (visited)
    Elf: Orc:2

Altars:
Cheibriados
Dithmenos
Elyvilon
Gozag
Hepliaklqana
Kikubaaqudgha
Makhleb
Nemelex Xobeh
Qazlal
Ru
Sif Muna
Trog
Uskayaw
Vehumet
Wu Jian
Xom
Yredelemnul
Zin
The Shining One
Beogh

Shops:
D:6 !!=!(   D:8 [!::   D:11 !   D:12 (   Orc:2 [}(?   Shoals:1 *   Shoals:3 [
Shoals:4 (   Vaults:3 (   Vaults:5 }   Depths:1 =}=   Depths:2 *   Depths:5 !

Portals:
Hell: Depths:1 Depths:2 Depths:3 Depths:4 Depths:5
Abyss: Depths:1 Depths:4
Pandemonium: Depths:3 Depths:4

Annotations:
D:9 exclusion: orange crystal statue
D:11 1 runed translucent door
D:12 Nessos
Zot:5 exclusion: obsidian statue


Innate Abilities, Weirdness & Mutations

You are too large for most types of armour.
You have claws for hands.
Your natural rate of healing is unusually fast.
You are covered in fur. (AC +1)
You have extremely tough skin. (AC +3)
Your body sometimes deteriorates upon taking damage.
Your flesh is very heat resistant. (rF++)
You occasionally shout uncontrollably at your foes.


Message History

The sixfirhy appears confused.
You block the death scarab's attack.
The sixfirhy is engulfed in noxious fumes. x3
The sixfirhy appears confused.
The sixfirhy is engulfed in noxious fumes.
The sixfirhy appears confused.
The sixfirhy is engulfed in noxious fumes.
The sixfirhy appears confused.
The sixfirhy is engulfed in noxious fumes.
The sixfirhy appears confused.
You block the flying skull's attack. The death scarab misses you.
The sixfirhy is engulfed in noxious fumes.
The sixfirhy appears confused.
The phantasmal warrior blinks!
The sixfirhy is engulfed in noxious fumes.
The sixfirhy appears confused.
The guardian mummy hits you!
* * * LOW HITPOINT WARNING * * *
You block the emperor scorpion's attack. x2
The emperor scorpion claws you but does no damage.
The greater mummy casts a spell.
The greater mummy hits you!
You die... . .....§§§§§§▓ ... ..§§§§MMWW§▓ .... ..§MZM§M§ZM▓ ..... ..§M§MMMW§W▓▓ ...... §§§ZMMMMZV§§▓ .......
ZWZMznMMMV§▓ .........§WsWWWzMMM3▓ .........§MMMMMs@Ms§▓ .........M4zzssMsMV§▓ ........WMMMssZVMss▓▓

......W.WM#M#3szMs▓▓
......§4.WMZMMMMs▓▓
.......M.M#M#MZW▓▓
.......ZZZ3W§zs▓
.....†...WZZW▓▓▓
.......W...▓▓▓


You could see 4 greater mummies, 7 emperor scorpions, 12 mummy priests, a flayed
ghost (summoned), a sun demon (summoned), 5 shadow wraiths, 3 phantasmal
warriors, 5 guardian mummies, a freezing wraith (summoned), a spectral deep elf
annihilator (summoned), a spectral deep elf death mage (summoned), 2 spectral
caustic shrikes, 2 sixfirhies, 4 vampires, a wraith (summoned), 7 death scarabs,
a red devil (summoned), a necrophage (summoned), 3 shadows, 5 flying skulls, 24
mummies, a wight (summoned), a spriggan defender simulacrum (summoned), a tengu
reaver simulacrum (summoned), a juggernaut simulacrum (summoned), a juggernaut
zombie (summoned), a golden dragon skeleton, 2 sphinx skeletons and a titan
skeleton.

Vanquished Creatures
  3 orbs of fire (Zot:5)
  5 ancient liches
  3 juggernauts
  Sojobo (Depths:2)
  2 greater mummies (Zig:19)
  A caustic shrike (Depths:4)
  Saint Roka (Depths:3)
  15 Killer Klowns
  A curse toe (Zot:3)
  3 pandemonium lords (Zig:13)
  A profane servitor (Zig:16)
  Jory (Depths:3)
  Nikola (Depths:2)
  16 golden dragons
  A bone dragon (Depths:5)
  9 liches
  3 electric golems
  A Brimstone Fiend (Zig:7)
  23 tentacled monstrosities
  3 deep elf blademasters
  A Hell Sentinel (Zig:13)
  25 Orb Guardians (Zot:5)
  3 deep elf master archers
  9 titans
  7 quicksilver dragons
  4 sphinxes
  8 death cobs
  3 tentacled starspawn (Abyss:2)
  21 storm dragons
  9 draconian monks
  10 tengu reavers
  15 shadow dragons
  2 thorn hunters
  A nagaraja (Zig:6)
  A revenant (Zig:16)
  4 draconian knights
  5 iron dragons
  9 ghost moths
  4 deep elf sorcerers
  5 draconian scorchers
  An angel (Depths:3)
  12 fire giants
  8 vault wardens
  4 draconian stormcallers
  A cacodemon (Abyss:2)
  2 emperor scorpions
  7 frost giants
  A deep elf elementalist (Vaults:5)
  2 curse skulls (Zig:16)
  9 draconian shifters
  18 ironheart preservers
  2 war gargoyles (Vaults:5)
  8 draconian annihilators
  35 very ugly things
  A reaper (WizLab)
  36 stone giants
  4 entropy weavers
  3 vampire knights
  2 spriggan defenders
  9 deep elf demonologists
  12 black draconians
  8 white draconians
  9 green draconians
  A minotaur (Gauntlet)
  8 deep elf annihilators
  12 yellow draconians
  9 spark wasps
  10 purple draconians
  13 red draconians
  5 deep elf death magi
  6 green deaths
  23 ettins
  5 merfolk javelineers (Shoals:4)
  Josephine (D:12)
  7 merfolk impalers
  3 mummy priests
  5 fire dragons
  5 deep elf high priests
  A great orb of eyes (shapeshifter) (Zig:17)
  24 yaktaur captains
  8 rakshasas
  The ghost of donkeybrains the Cleaver, a journeyman MiGl of Okawaru (Lair:4)
  13 great orbs of eyes
  2 ghost crabs
  13 hydras
  2 catoblepae
  A hell beast (Depths:5)
  2 spriggan air magi
  15 ice dragons
  6 shambling mangroves
  10 merfolk avatars
  24 vault guards (Vaults:5)
  17 centaur warriors
  25 ogre magi
  7 death knights
  3 satyrs
  An anaconda (Zig:6)
  4 merfolk aquamancers
  54 two-headed ogres
  9 deep troll shamans
  A two-headed ogre (shapeshifter) (D:13)
  14 dancing weapons
  10 tengu warriors
  9 alligators
  8 death yaks
  3 death scarabs
  5 deep troll earth magi
  Urug (Lair:2)
  A queen ant (Lair:2)
  A shock serpent (shapeshifter) (Vaults:5)
  A vampire mage (Zig:16)
  2 thrashing horrors (WizLab)
  5 spriggan berserkers
  A soul eater (WizLab)
  2 hell knights
  Nergalle (Orc:2)
  A shock serpent (Zig:6)
  2 sun demons (Depths:5)
  16 deep elf knights
  A wretched star (Abyss:2)
  9 skeletal warriors
  A storm dragon zombie (Vaults:1)
  A fire crab (shapeshifter) (Zig:13)
  9 shadow wraiths
  8 iron trolls
  4 unseen horrors
  5 glowing orange brains
  14 sea snakes
  A spriggan druid (Zig:14)
  5 wizards
  6 swamp dragons
  7 flayed ghosts
  14 deep elf archers
  2 obsidian statues
  3 death drakes
  2 phantasmal warriors
  A lindwurm (Lair:6)
  26 deep trolls
  A harpy (shapeshifter) (Zig:8)
  A naga ritualist (Zig:6)
  14 ironbrand convokers
  36 harpies
  A fire giant zombie (Zig:7)
  A mana viper (shapeshifter) (Depths:1)
  3 necromancers
  16 orb spiders
  11 orc knights
  A lindwurm (shapeshifter) (Depths:1)
  10 orc sorcerers
  40 deep elf magi
  26 wolf spiders
  47 ugly things
  10 cyclopes
  18 manticores
  2 salamanders (Depths:3)
  32 moths of wrath
  4 worldbinders
  A manticore (shapeshifter) (Vaults:5)
  A salamander (shapeshifter) (Depths:2)
  9 fauns
  Joseph (D:9)
  4 elephants (Lair:5)
  2 guardian serpents (Zig:6)
  5 merfolk sirens
  15 vault sentinels
  A torpor snail (Spider:2)
  An elf zombie (Zig:7)
  2 apocalypse crabs
  A stone giant skeleton (Zig:7)
  2 gargoyles
  20 cane toads
  2 black mambas
  A frost giant skeleton (Abyss:2)
  4 naga magi
  6 water nymphs
  3 smoke demons (Abyss:2)
  A spriggan skeleton (Zig:7)
  A demonspawn skeleton (WizLab)
  An orange demon (Depths:5)
  2 black mambas (shapeshifter)
  A cane toad (shapeshifter) (Vaults:2)
  2 human zombies (Vaults:1)
  A komodo dragon (shapeshifter) (Zig:18)
  5 rime drakes
  7 komodo dragons
  An efreet (Abyss:2)
  4 kobold demonologists
  62 yaktaurs
  A yaktaur (shapeshifter) (Zig:17)
  14 demonic crawlers
  13 freezing wraiths
  A tormentor (Zig:13)
  2 human skeletons
  2 guardian mummies
  3 tengu conjurers
  3 ancient zymes
  35 jumping spiders
  32 merfolk
  8 trolls
  A meliai (shapeshifter) (Vaults:4)
  2 red devils
  A queen bee (shapeshifter) (Zig:13)
  A troll (shapeshifter) (Vaults:2)
  8 wind drakes
  21 polar bears
  A merfolk (shapeshifter) (Depths:3)
  A hornet (shapeshifter) (Zot:3)
  2 tyrant leeches (Zig:15)
  3 meliai (D:15)
  6 raiju (Abyss:2)
  A dream sheep (shapeshifter) (Gauntlet)
  28 slime creatures
  4 bog bodies
  31 hornets
  11 large abominations
  12 hippogriffs
  2 raiju (shapeshifter)
  24 blink frogs
  A slime creature (shapeshifter) (Depths:4)
  3 spriggan zombies
  5 flying skulls
  25 dream sheep
  A hippogriff (shapeshifter) (Depths:1)
  13 snapping turtles
  10 starcursed masses (Abyss:2)
  18 spriggans
  A yak (shapeshifter) (D:13)
  4 shadows
  75 redbacks
  A tarantella (shapeshifter) (Zig:17)
  A wyvern (shapeshifter) (D:13)
  5 wraiths
  79 yaks
  4 vampires
  2 air elementals
  15 tarantellas
  4 ynoxinuls
  17 water elementals
  A fire elemental (Depths:4)
  2 wyverns
  2 steam dragons
  7 chaos spawn
  4 basilisks (shapeshifter)
  An elf skeleton (Zig:19)
  7 basilisks
  2 neqoxecs
  7 spatial vortices (WizLab)
  9 wargs
  22 vampire mosquitoes
  A naga (Zig:6)
  A swamp worm (shapeshifter) (Vaults:4)
  15 two-headed ogre zombies (Orc:1)
  A harpy simulacrum (D:15)
  5 insubstantial wisps
  6 hell hounds
  8 soldier ants (Lair:2)
  4 acid dragons
  6 water moccasins
  A deep troll skeleton (Vaults:1)
  21 small abominations
  8 porcupines
  A black bear (shapeshifter) (Zig:17)
  40 orc warriors
  4 swamp drakes (Zig:15)
  6 black bears
  An ettin simulacrum (Vaults:2)
  2 ice beasts
  4 sky beasts
  A necrophage (Zig:7)
  2 eyes of draining (shapeshifter)
  2 eyes of draining
  4 phantoms
  15 boggarts
  34 wolves
  52 ogres
  24 centaurs
  12 crocodiles
  7 big kobolds
  16 bullfrogs
  A wyvern zombie (D:14)
  3 earth elementals
  4 scorpions
  2 wyvern skeletons
  20 wights
  5 electric eels
  10 howler monkeys
  6 crimson imps
  3 centaur zombies
  2 bullfrog zombies
  8 hounds
  50 orc wizards
  7 quasits
  4 iron imps
  4 jellies
  4 bullfrog skeletons
  19 orc priests
  9 centaur skeletons
  35 worker ants
  2 iguanas
  A hound zombie (D:11)
  A hound skeleton (D:4)
  4 mummies
  Robin (D:3)
  A worker ant zombie (D:7)
  A howler monkey skeleton (D:5)
  16 adders
  5 shadow imps
  11 white imps
  7 ufetubi
  An adder zombie (D:6)
  2 adder skeletons
  A worm (shapeshifter) (Zig:17)
  A dart slug (D:3)
  6 leopard geckos
  92 orcs
  8 bats
  5 giant cockroaches
  14 goblins
  11 hobgoblins
  19 jackals
  5 quokkas
  4 frilled lizards
  A giant cockroach zombie (D:3)
  A jackal skeleton (D:5)
  15 kobolds
  3 leopard gecko skeletons
  A leopard gecko zombie (D:8)
  2 quokka skeletons
  6 rats
  3 crawling corpses (Zig:18)
  A fire vortex (Depths:3)
  2 starspawn tentacles (Abyss:2)
  4 tentacles (Shoals:4)
2815 creatures vanquished.

Vanquished Creatures (collateral kills)
  A lava snake (D:9)
1 creature vanquished.

Vanquished Creatures (others)
  A golden dragon (Zig:15)
  An eldritch tentacle (WizLab)
  An ironheart preserver (Zig:17)
  A yaktaur captain (Zig:17)
  A large abomination (WizLab)
  A deep elf knight (Zig:18)
  A shadow wraith (Zig:17)
  A death drake (Zig:15)
  2 ironbrand convokers (Zig:17)
  A deep elf mage (Vaults:4)
  A manticore (Shoals:4)
  A vault sentinel (Zig:17)
  3 tyrant leeches
  A jumping spider (Spider:3)
  A spriggan (Zig:15)
  A lava snake (D:9)
  A jackal (D:9)
  A quokka (D:9)
  37 fungi
  92 plants
  6 starspawn tentacles (Abyss:2)
  4 tentacles (Shoals:4)
160 creatures vanquished.

Grand Total: 2976 creatures vanquished

Notes
Turn   | Place    | Note
-------+----------+-------------------------------------------
     0 | D:1      | Lanoc the Troll Gladiator began the quest for the Orb.
     0 | D:1      | Reached XP level 1. HP: 19/19 MP: 0/0
   121 | D:1      | Reached XP level 2. HP: 28/28 MP: 1/1
   270 | D:2      | Found a hide-covered altar of Uskayaw.
   290 | D:2      | Found a snail-covered altar of Cheibriados.
   469 | D:2      | Reached XP level 3. HP: 34/35 MP: 2/2
   667 | D:2      | Found a stormy altar of Qazlal.
   931 | D:3      | Reached XP level 4. HP: 42/42 MP: 3/3
   994 | D:3      | Noticed a phantom
  1069 | D:2      | Became a worshipper of Uskayaw the Reveler
  1087 | D:3      | Reached * piety under Uskayaw
  1105 | D:3      | Reached ** piety under Uskayaw
  1134 | D:3      | Killed a phantom
  1134 | D:3      | Reached skill level 1 in Invocations
  1134 | D:3      | Reached XP level 5. HP: 46/50 MP: 4/4
  1161 | D:3      | Noticed a sky beast
  1171 | D:3      | Killed a sky beast
  1171 | D:3      | Reached XP level 6. HP: 38/59 MP: 4/6
  1171 | D:3      | Reached *** piety under Uskayaw
  1266 | D:3      | Found a shadowy altar of Dithmenos.
  1273 | D:3      | Found a sparkling altar of Nemelex Xobeh.
  1337 | D:3      | Noticed Robin
  1345 | D:3      | Reached skill level 2 in Invocations
  1364 | D:3      | Killed Robin
  1674 | D:4      | Found an ornate altar of the Wu Jian Council.
  1851 | D:4      | Reached XP level 7. HP: 57/67 MP: 8/8
  2035 | D:4      | Reached skill level 3 in Invocations
  2066 | D:4      | Found a shimmering blue altar of Sif Muna.
  2068 | D:4      | Found a hide-covered altar of Uskayaw.
  2068 | D:4      | Found a bloodstained altar of Trog.
  2070 | D:4      | Found a sacrificial altar of Ru.
  2070 | D:4      | Found a stormy altar of Qazlal.
  2070 | D:4      | Found a shimmering altar of Xom.
  2213 | D:4      | Found an opulent altar of Gozag.
  2687 | D:5      | Entered Level 5 of the Dungeon
  2710 | D:5      | Found a bloodstained altar of Trog.
  2801 | D:5      | Reached skill level 5 in Axes
  2801 | D:5      | Reached **** piety under Uskayaw
  2805 | D:5      | Reached ***** piety under Uskayaw
  3026 | D:5      | Reached skill level 4 in Invocations
  3026 | D:5      | Reached XP level 8. HP: 76/76 MP: 1/10
  3141 | D:5      | Found a staircase to the Ecumenical Temple.
  3172 | Temple   | Entered the Ecumenical Temple
  3315 | D:5      | Found a hazy altar of Hepliaklqana.
  3337 | D:6      | Found Wefav's Jewellery Shop.
  3373 | D:6      | Found Ataghesch's Distillery.
  3385 | D:6      | Bought a potion of heal wounds for 70 gold pieces
  3387 | D:6      | Found Gammaod's Weapon Emporium.
  3395 | D:6      | Reached skill level 1 in Armour
  3635 | D:6      | Found Kubbeova's Distillery.
  3693 | D:6      | Found Qegobun's Distillery.
  4162 | D:7      | Got a crystal spear
  4162 | D:7      | Identified the cursed +1 spear of Exchange {vorpal, Int+3
                  | Dex+3} (You found it on level 7 of the Dungeon)
  4290 | D:7      | Reached skill level 5 in Invocations
  4298 | D:7      | Reached XP level 9. HP: 42/84 MP: 5/12
  4665 | D:7      | Reached skill level 5 in Dodging
  4672 | D:7      | Reached skill level 6 in Invocations
  4882 | D:8      | Found Qoef Tadgh's Book Shoppe.
  5024 | D:8      | Found Jaimuuce's Book Emporium.
  5095 | D:8      | Found a glowing golden altar of the Shining One.
  5174 | D:8      | Found a burning altar of Makhleb.
  5241 | D:8      | Found Jusotav's Antique Armour Emporium.
  5428 | D:8      | Found Cuotwuha's Distillery.
  5735 | D:9      | Reached skill level 5 in Fighting
  5754 | D:9      | Reached XP level 10. HP: 72/96 MP: 10/14
  5772 | D:9      | Noticed Joseph
  6192 | D:9      | Killed Joseph
  6192 | D:9      | Reached skill level 7 in Invocations
  6735 | D:9      | Found a white marble altar of Elyvilon.
  6772 | D:9      | Noticed an orange crystal statue
  6777 | D:9      | Found a shimmering blue altar of Sif Muna.
  7100 | D:10     | Entered Level 10 of the Dungeon
  7109 | D:10     | Identified a scroll of acquirement
  7109 | D:10     | Acquired 451 gold pieces
  7177 | D:10     | Found a flagged portal.
  7184 | Bailey   | Entered a bailey
  7184 | Bailey   | Noticed an orc knight
  7184 | Bailey   | Noticed an orc knight
  7194 | Bailey   | Noticed an orc knight
  7352 | D:6      | Bought the +8 mithril axe "Arga" {speed, MR+} for 904 gold
                  | pieces
  7352 | D:6      | Found the +8 mithril axe "Arga" {speed, MR+}
  7477 | D:10     | Found a staircase to the Lair.
  7554 | D:10     | Reached skill level 8 in Invocations
  7723 | D:10     | Reached XP level 11. HP: 53/105 MP: 16/16
  8170 | D:10     | Found a staircase to the Orcish Mines.
  8399 | D:11     | Noticed a two-headed ogre
  8410 | D:11     | Killed a two-headed ogre
  8458 | D:11     | Found a runed translucent door.
  8619 | D:11     | Found a frozen archway.
  8625 | IceCv    | Entered an ice cave
  8657 | IceCv    | Found the +3 giant club "Skullcrusher" {speed, Str+7}
  8703 | IceCv    | Reached skill level 9 in Invocations
  8709 | IceCv    | Reached ****** piety under Uskayaw
  8753 | IceCv    | Reached skill level 5 in Armour
  8813 | IceCv    | Noticed a death yak
  8820 | IceCv    | Killed a death yak
  9148 | IceCv    | Noticed a frost giant
  9148 | IceCv    | Noticed a death yak
  9159 | IceCv    | Killed a death yak
  9159 | IceCv    | Reached XP level 12. HP: 109/115 MP: 18/18
  9172 | IceCv    | Killed a frost giant
  9172 | IceCv    | Reached skill level 10 in Axes
  9172 | IceCv    | Reached skill level 10 in Invocations
  9194 | IceCv    | Got a translucent tin amulet
  9237 | D:11     | Identified the amulet "Moppuat" {RegenMP Int+3} (You found
                  | it in an ice cave)
  9385 | D:11     | Found Piynasio's Distillery.
  9393 | D:11     | Bought 2 potions of heal wounds for 120 gold pieces
  9393 | D:11     | Bought a potion of heal wounds for 60 gold pieces
  9574 | D:11     | Found a runed translucent door.
 10031 | D:12     | Found Eji Kiof's Antique Weapon Shoppe.
 10050 | D:12     | Found a gate leading to a gauntlet.
 10067 | Gauntlet | Entered a Gauntlet
 10067 | Gauntlet | Found a transporter.
 10077 | Gauntlet | Found a transporter.
 10079 | Gauntlet | Found a transporter.
 10080 | Gauntlet | Found a transporter.
 10091 | Gauntlet | Found a transporter.
 10092 | Gauntlet | Found a transporter.
 10100 | Gauntlet | Found a transporter.
 10103 | Gauntlet | Found a transporter.
 10104 | Gauntlet | Found a transporter.
 10112 | Gauntlet | Found a transporter.
 10115 | Gauntlet | Found a transporter.
 10116 | Gauntlet | Found a transporter.
 10124 | Gauntlet | Found a transporter.
 10172 | Gauntlet | Found a transporter.
 10270 | Gauntlet | Gained mutation: You heal very quickly. [a neqoxec]
 10352 | Gauntlet | Got a coiled jade ring
 10588 | Gauntlet | Reached skill level 11 in Invocations
 10601 | Gauntlet | Identified the ring "Muagaog" {AC+4 Slay+6} (You found it
                  | in a Gauntlet)
 10610 | Gauntlet | Noticed a minotaur
 10611 | Gauntlet | Found the +3 crown of Dyrovepreva {rElec Int+2 SInv}
 10621 | Gauntlet | Killed a minotaur
 10628 | Gauntlet | Got a fine lapis lazuli ring
 10644 | D:12     | Noticed Nessos
 10775 | D:12     | Noticed Josephine
 10783 | D:12     | Killed Josephine
 10784 | D:12     | Reached XP level 13. HP: 119/127 MP: 20/20
 11456 | D:13     | Found a gate to the Vaults.
 11691 | D:13     | Reached skill level 12 in Invocations
 11820 | D:13     | Identified the cursed ring "Zediupt" {MR+ Str+6 Int-4 Dex-2
                  | SInv} (You found it in a Gauntlet)
 12563 | D:14     | Reached XP level 14. HP: 137/137 MP: 22/22
 12766 | D:14     | You fall into a shaft and drop 1 floor!
 12766 | D:15     | Entered Level 15 of the Dungeon
 13522 | D:15     | Reached skill level 13 in Invocations
 13903 | D:15     | Found a staircase to the Depths.
 14936 | Orc:1    | Entered Level 1 of the Orcish Mines
 15062 | Orc:2    | Entered Level 2 of the Orcish Mines
 15137 | Orc:2    | Found Heupniuk's Magic Scroll Boutique.
 15345 | Orc:2    | Found an ancient bone altar of Kikubaaqudgha.
 15345 | Orc:2    | Noticed Nergalle
 15357 | Orc:2    | Killed Nergalle
 15360 | Orc:2    | Found Aquvva Byxil's Gadget Boutique.
 15379 | Orc:2    | Found a radiant altar of Vehumet.
 15439 | Orc:2    | Found a roughly hewn altar of Beogh.
 15448 | Orc:2    | Found Kimpugh's Antique Armour Boutique.
 15469 | Orc:2    | Found Measut's Antique Weapon Shop.
 15836 | Orc:1    | Reached XP level 15. HP: 114/148 MP: 24/24
 16470 | Lair:1   | Entered Level 1 of the Lair of Beasts
 17683 | Lair:2   | Reached skill level 14 in Invocations
 17729 | Lair:2   | Got a warped mace
 17729 | Lair:2   | Identified the +0 mace of the Jester {flame, *Noise rF++
                  | Int+5} (You found it on level 2 of the Lair of Beasts)
 18059 | Lair:2   | Found a staircase to the Shoals.
 18093 | Lair:2   | Noticed Urug
 18107 | Lair:2   | Killed Urug
 18589 | Lair:3   | Found a hole to the Spider Nest.
 19478 | Lair:4   | Found a runed translucent gate.
 19479 | Lair:4   | Found a runed translucent gate.
 19480 | Lair:4   | Found a runed translucent gate.
 19480 | Lair:4   | Noticed donkeybrains's ghost (journeyman MiGl)
 19515 | Lair:4   | Killed donkeybrains's ghost
 19950 | Lair:5   | Reached skill level 10 in Fighting
 19964 | Lair:5   | Found a staircase to the Slime Pits.
 20801 | Lair:6   | Entered Level 6 of the Lair of Beasts
 20991 | Lair:6   | Reached XP level 16. HP: 132/158 MP: 25/25
 21418 | Lair:6   | Got a sapphire hand axe
 21418 | Lair:6   | Identified the cursed +0 hand axe "Puraku" {antimagic,
                  | Int+2} (You found it on level 6 of the Lair of Beasts)
 22022 | Spider:1 | Entered Level 1 of the Spider Nest
 22105 | Spider:1 | Reached skill level 15 in Invocations
 22364 | Spider:1 | Reached skill level 10 in Armour
 23237 | Spider:2 | You fall into a shaft and drop 1 floor!
 24351 | Spider:4 | Entered Level 4 of the Spider Nest
 24632 | Spider:4 | Reached skill level 15 in Axes
 24634 | Spider:4 | Reached XP level 17. HP: 149/170 MP: 27/27
 25025 | Spider:4 | Reached skill level 16 in Invocations
 25181 | Spider:4 | Got a gossamer rune of Zot
 25995 | Vaults:1 | Entered Level 1 of the Vaults
 27099 | Vaults:1 | Reached XP level 18. HP: 173/179 MP: 29/29
 27710 | Vaults:2 | Reached skill level 17 in Invocations
 27907 | Vaults:2 | Found a portal to a secret trove of treasure.
 28545 | Vaults:2 | Found a staircase to the Crypt.
 28545 | Vaults:2 | Found a basalt altar of Yredelemnul.
 28546 | Vaults:2 | Found an ancient bone altar of Kikubaaqudgha.
 28762 | Vaults:3 | Found Suycve's Weapon Boutique.
 29193 | Vaults:3 | You fall into a shaft and drop 1 floor!
 30047 | Vaults:4 | Reached XP level 19. HP: 189/189 MP: 30/30
 30240 | Vaults:4 | Found the +8 glaive of the Guard {elec, +Rage AC+5 SInv}
 30346 | Vaults:4 | Got a crude ivory ring
 30348 | Vaults:4 | Identified the ring "Todgh" {Slay+3 Stlth-} (You found it
                  | on level 4 of the Vaults)
 30553 | Vaults:4 | Reached skill level 18 in Invocations
 31762 | Shoals:1 | Entered Level 1 of the Shoals
 31822 | Shoals:1 | Found Arracuro's Assorted Antiques.
 32618 | Shoals:2 | Reached XP level 20. HP: 145/201 MP: 32/32
 33205 | Shoals:2 | Acquired a manual of Armour
 33322 | Shoals:3 | Found Ebiepreu's Armour Shoppe.
 34010 | Shoals:4 | Entered Level 4 of the Shoals
 34010 | Shoals:4 | Found Pang's Antique Weapon Shop.
 34352 | Shoals:4 | Got a barnacled rune of Zot
 34835 | Shoals:4 | Reached skill level 19 in Invocations
 35709 | Vaults:5 | Entered Level 5 of the Vaults
 35724 | Vaults:5 | Noticed a golden dragon
 35738 | Vaults:5 | Killed a golden dragon
 35743 | Vaults:5 | Reached XP level 21. HP: 97/211 MP: 33/33
 35744 | Vaults:5 | Noticed an ancient lich
 35959 | Vaults:4 | Killed an ancient lich
 36089 | Vaults:5 | Identified the ring of the Secret Dreams {rPois rC- Int+8
                  | Stlth+}
 36300 | Vaults:5 | Reached skill level 20 in Invocations
 36370 | Vaults:5 | Identified the ring of Dim Light {Ice rN+ Int+4}
 36844 | Vaults:5 | Noticed a golden dragon
 36853 | Vaults:5 | Killed a golden dragon
 36854 | Vaults:5 | Reached skill level 15 in Armour
 36863 | Vaults:5 | Identified the ring of Zyesis {Wiz rC+ Str+3 Dex-4 Stlth+}
 37169 | Vaults:5 | Identified the +7 lajatang of Tension {vorpal, Fragile MR++
                  | Str+3 Dex+4}
 37454 | Vaults:5 | Noticed a golden dragon
 37472 | Vaults:5 | Killed a golden dragon
 37505 | Vaults:5 | Reached XP level 22. HP: 149/224 MP: 35/35
 37635 | Vaults:5 | Identified the Disquisition on Stones
 37649 | Vaults:5 | Identified the +4 battleaxe of Jistinah {freeze, +Rage rF-
                  | rN+++ Str-3} (You found it on level 5 of the Vaults)
 37959 | Vaults:5 | Found Reixtayff's Gadget Shoppe.
 38056 | Vaults:5 | Acquired the +4 kite shield "Wiahisso" {+Blink Int+3}
 38278 | Vaults:5 | Got a silver rune of Zot
 38676 | Depths:1 | Entered Level 1 of the Depths
 38713 | Depths:1 | Found a one-way gate to the infinite horrors of the Abyss.
 38719 | Depths:1 | Reached skill level 21 in Invocations
 38756 | Depths:1 | Reached skill level 1 in Shields
 38978 | Depths:1 | Identified the cursed +2 flail of Greed {vorpal, *Contam
                  | Int+6}
 39549 | Depths:1 | Noticed a juggernaut
 39568 | Depths:1 | Killed a juggernaut
 39867 | Depths:1 | Found a gateway to Hell.
 39877 | Depths:1 | Found Gagiorgh's Jewellery Emporium.
 39877 | Depths:1 | Found Sosakah's Gadget Boutique.
 39878 | Depths:1 | Found Pathry's Jewellery Emporium.
 39948 | Depths:2 | Reached skill level 5 in Shields
 39980 | Depths:2 | Reached skill level 15 in Fighting
 40204 | Depths:2 | Noticed a juggernaut
 40252 | Depths:2 | Found a transporter.
 40271 | Depths:2 | Found a transporter.
 40287 | Depths:2 | Identified the amulet of Okkoxtah {Acrobat +Inv Slay+3
                  | Stlth+}
 40319 | Depths:2 | Noticed Sojobo
 40323 | Depths:2 | Noticed Nikola
 40340 | Depths:2 | Killed Sojobo
 40343 | Depths:2 | Killed Nikola
 40343 | Depths:2 | Reached XP level 23. HP: 159/235 MP: 36/36
 40362 | Depths:2 | Found Vetriyck's Assorted Antiques.
 40531 | Depths:2 | Bought a scroll of teleportation for 93 gold pieces
 40531 | Depths:2 | Bought a potion of heal wounds for 155 gold pieces
 40531 | Depths:2 | Bought a potion of curing for 93 gold pieces
 40531 | Depths:2 | Bought a potion of might for 124 gold pieces
 40869 | Depths:3 | Found a gateway to a ziggurat.
 40875 | Depths:3 | Found a one-way gate leading to the halls of Pandemonium.
 40876 | Depths:3 | Noticed Jory
 40907 | Depths:3 | Killed Jory
 40984 | Depths:3 | Noticed Saint Roka
 40996 | Depths:3 | Found a magical portal.
 41004 | Depths:3 | Killed Saint Roka
 41011 | WizLab   | Entered The Roulette of Golubria
 41011 | WizLab   | Found a transporter.
 41042 | WizLab   | Found a corrupted altar of Lugonu.
 41101 | WizLab   | Found a transporter.
 41189 | WizLab   | Found a transporter.
 41213 | WizLab   | Found a transporter.
 41259 | WizLab   | Found a transporter.
 41259 | WizLab   | Found a transporter.
 41342 | WizLab   | Found a transporter.
 41454 | WizLab   | Found the +1 cloak of Starlight {rElec rC+ EV+4 Stlth--}
 41569 | WizLab   | Found a transporter.
 41610 | WizLab   | Found a transporter.
 41610 | WizLab   | Found a transporter.
 41624 | WizLab   | Identified the Handbook of Orientation
 41669 | WizLab   | Got a steaming cloak
 41681 | WizLab   | Identified the +1 cloak "Xicoqu Vonk" {Int+4} (You found it
                  | in a wizard's laboratory)
 41698 | WizLab   | Got a warped cloak
 41708 | WizLab   | Identified the +3 cloak "Kant" {Harm Str+3 Dex+2} (You
                  | found it in a wizard's laboratory)
 41731 | WizLab   | Found a transporter.
 41757 | WizLab   | Found a transporter.
 41757 | WizLab   | Found a corrupted altar of Lugonu.
 41787 | WizLab   | Found a transporter.
 41787 | WizLab   | Found a transporter.
 41832 | WizLab   | Found a transporter.
 41832 | WizLab   | Found a transporter.
 41867 | WizLab   | Found a transporter.
 41867 | WizLab   | Found a transporter.
 41908 | WizLab   | Found a transporter.
 41908 | WizLab   | Found a transporter.
 42392 | Depths:3 | Noticed a juggernaut
 42412 | Depths:3 | Killed a juggernaut
 42666 | Depths:3 | Acquired 456 gold pieces
 43266 | Depths:4 | Reached XP level 24. HP: 247/247 MP: 36/36
 44208 | Depths:4 | Reached skill level 22 in Invocations
 44462 | Depths:5 | Entered Level 5 of the Depths
 44771 | Depths:5 | Found Hais's Distillery.
 44838 | Depths:5 | Reached skill level 10 in Dodging
 44853 | Depths:5 | Found a gate to the Realm of Zot.
 45861 | Depths:2 | Killed a juggernaut
 45873 | Depths:2 | Reached XP level 25. HP: 234/258 MP: 37/37
 46230 | Vaults:2 | You paid a toll of 6 scrolls of blinking to enter a
                  | treasure trove
 46231 | Trove    | Entered a treasure trove
 46235 | Trove    | Found the +3 robe of Folly {Archmagi, MR-- Int+5}
 46253 | Trove    | Got an ichor-stained kite shield
 46257 | Trove    | Identified the +0 hat of the Present {Harm rCorr Int-4}
                  | (You found it in a treasure trove)
 46274 | Trove    | Identified the +0 robe "Hucukh" {rPois rC+ Str-4} (You
                  | found it in a treasure trove)
 46296 | Vaults:2 | Identified the +0 kite shield of Pixo {rPois Dex+3} (You
                  | found it in a treasure trove)
 46582 | Zot:1    | Entered Level 1 of the Realm of Zot
 47563 | Zot:2    | Noticed a Killer Klown
 48089 | Zot:2    | Killed a Killer Klown
 48216 | Zot:2    | Reached skill level 10 in Shields
 48698 | Zot:3    | Reached XP level 26. HP: 154/270 MP: 20/37
 48927 | Zot:3    | Reached skill level 23 in Invocations
 51049 | Zot:5    | Entered Level 5 of the Realm of Zot
 51383 | Zot:5    | Noticed an ancient lich
 51386 | Zot:5    | Noticed an orb of fire
 51393 | Zot:5    | Killed an ancient lich
 51393 | Zot:5    | Noticed an ancient lich
 51394 | Zot:5    | Noticed an orb of fire
 51405 | Zot:5    | Gained mutation: Your spells are a little easier to cast,
                  | but a little less powerful. [an orb of fire]
 51408 | Zot:5    | Gained mutation: You occasionally shout uncontrollably at
                  | your foes. [an orb of fire]
 51410 | Zot:5    | Killed an ancient lich
 51411 | Zot:5    | Killed an orb of fire
 51414 | Zot:5    | Gained mutation: You tend to lose your temper in combat.
                  | [an orb of fire]
 51416 | Zot:5    | Killed an orb of fire
 51463 | Zot:5    | Reached XP level 27. HP: 194/280 MP: 37/37
 51470 | Zot:5    | Noticed an orb of fire
 51476 | Zot:5    | Noticed an ancient lich
 51484 | Zot:5    | HP: 6/280 [Orb Guardian (25)]
 51496 | Zot:5    | HP: 11/282 [orb of fire/bolt of fire (41)]
 51710 | Zot:5    | Killed an orb of fire
 51755 | Zot:5    | Killed an ancient lich
 52419 | Zot:5    | Lost mutation: Your spells are a little easier to cast, but
                  | a little less powerful. [potion of mutation]
 52419 | Zot:5    | Lost mutation: You heal very quickly. [potion of mutation]
 52419 | Zot:5    | Lost mutation: You tend to lose your temper in combat.
                  | [potion of mutation]
 52419 | Zot:5    | Gained mutation: Your flesh is heat resistant. (rF+)
                  | [potion of mutation]
 52419 | Zot:5    | Gained mutation: Your flesh is very heat resistant. (rF++)
                  | [potion of mutation]
 52568 | Zig:1    | Entered Level 1 of a ziggurat
 52604 | Zig:2    | Entered Level 2 of a ziggurat
 52641 | Zig:3    | Entered Level 3 of a ziggurat
 52714 | Zig:4    | Entered Level 4 of a ziggurat
 52749 | Zig:4    | Learned a level 1 spell: Apportation
 52750 | Zig:5    | Entered Level 5 of a ziggurat
 52804 | Zig:6    | Entered Level 6 of a ziggurat
 52835 | Zig:6    | Got a serpentine amber ring
 52837 | Zig:6    | Identified the ring "Ybuffok" {rC++ MR+ SInv} (You found it
                  | on level 6 of a ziggurat)
 52848 | Zig:6    | Identified the +2 demon blade "Puhifi Ampoi" {freeze, rElec
                  | MR+ Str-2 Int+4} (You found it on level 6 of a ziggurat)
 52851 | Zig:7    | Entered Level 7 of a ziggurat
 52878 | Zig:7    | Identified the Tome of Hurtful Envenoming
 52901 | Zig:8    | Entered Level 8 of a ziggurat
 52947 | Zig:9    | Entered Level 9 of a ziggurat
 52952 | Zig:9    | Noticed a greater mummy
 52954 | Zig:9    | Noticed a greater mummy
 52971 | Zig:10   | Entered Level 10 of a ziggurat
 53231 | Zig:10   | Reached skill level 24 in Invocations
 53322 | Zig:11   | Entered Level 11 of a ziggurat
 53386 | Zig:11   | Got a glittering pewter ring
 53393 | Zig:11   | Identified the +0 cloak of the Monk {rF- Str+3} (You found
                  | it on level 11 of a ziggurat)
 53394 | Zig:11   | Identified the ring of Ebraheeg {rF+ MR+ Str+6 Slay+3} (You
                  | found it on level 11 of a ziggurat)
 53410 | Zig:12   | Entered Level 12 of a ziggurat
 53488 | Zig:12   | Identified the Collected Works on Creative Flight
 53527 | Zig:12   | Identified the cursed +0 whip of Anicke Gapp {freeze, rPois
                  | rF+ rC-} (You found it on level 12 of a ziggurat)
 53533 | Zig:13   | Entered Level 13 of a ziggurat
 53556 | Zig:13   | Noticed Isair the pandemonium lord
 53563 | Zig:13   | Noticed Boicziga the pandemonium lord
 53573 | Zig:13   | Killed Boicziga the pandemonium lord
 53577 | Zig:13   | Killed Isair the pandemonium lord
 53602 | Zig:13   | Noticed Tuuprelodgh the pandemonium lord
 53615 | Zig:13   | Killed Tuuprelodgh the pandemonium lord
 53748 | Zig:13   | Found the +7 Singing Sword {vorpal, sonic wave}
 53749 | Zig:13   | Found the +2 robe of Vines {NoPotionHeal Regen+7}
 53750 | Zig:13   | Found the +8 demon trident "Rift" {distort, reach+}
 53754 | Zig:13   | Got a shimmering zirconium amulet
 53756 | Zig:13   | Got a warped amber ring
 53758 | Zig:13   | Identified the amulet "Kothrari" {RegenMP *Drain rF+ MR+
                  | Str+2} (You found it on level 13 of a ziggurat)
 53759 | Zig:13   | Identified the ring of Xippa {Fire *Drain rPois MR+++
                  | Dex-4} (You found it on level 13 of a ziggurat)
 53760 | Zig:13   | Identified the ring "Vuig" {rPois AC+4 Dex+3 Stlth+} (You
                  | found it on level 13 of a ziggurat)
 53770 | Zig:13   | Identified Luenis's Papyrus of Congealing Stones
 53801 | Zig:13   | Identified the +6 whip of Bamp {venom, Dex+4} (You found it
                  | on level 13 of a ziggurat)
 53804 | Zig:14   | Entered Level 14 of a ziggurat
 53834 | Zig:14   | Reached skill level 15 in Dodging
 53954 | Zig:15   | Entered Level 15 of a ziggurat
 54248 | Zig:16   | Entered Level 16 of a ziggurat
 54287 | Zig:16   | Noticed an ancient lich
 54290 | Zig:17   | Entered Level 17 of a ziggurat
 54351 | Zig:17   | Noticed an ancient lich
 54371 | Zig:17   | Killed an ancient lich
 54638 | Zig:17   | Identified the Compendium of Mutagenic Conjuration
 54643 | Zig:17   | Identified the Catalogue of the First Tusks
 54650 | Zig:17   | Identified the ring of Ihorroun {rC+ rN+ AC+4} (You found
                  | it on level 17 of a ziggurat)
 54652 | Zig:17   | Identified the ring "Wufyotha" {MR+ SInv} (You found it on
                  | level 17 of a ziggurat)
 54653 | Zig:17   | Identified the Tome of the Quantum Rocks
 54695 | Zig:18   | Entered Level 18 of a ziggurat
 54736 | Zig:18   | Cast into level 2 of the Abyss (deep elf demonologist)
 54900 | Abyss:2  | Paralysed by accursed screaming for 1 turns
 55437 | Abyss:2  | Gained mutation: Your body sometimes deteriorates upon
                  | taking damage. [a neqoxec]
 55650 | Zig:18   | Escaped the Abyss
 55720 | Zig:18   | Found the +10 morningstar "Eos" {elec, Halo rElec}
 55727 | Zig:18   | Identified Miedghon's Almanac of Excruciating Creation
 55823 | Zig:18   | Identified the +7 great mace "Otipo Loebb" {vorpal,
                  | *Corrode rF+ Int+9 Dex-2} (You found it on level 18 of a
                  | ziggurat)
 55827 | Zig:18   | Identified the +7 war axe "Ogre's Curse" {antimagic,
                  | Fragile Str+3 Int+3} (You found it on level 18 of a
                  | ziggurat)
 55829 | Zig:19   | Entered Level 19 of a ziggurat
 55870 | Zig:19   | Noticed a greater mummy
 55871 | Zig:19   | Noticed a greater mummy
 55876 | Zig:19   | Noticed a greater mummy
 55884 | Zig:19   | Noticed a greater mummy
 55887 | Zig:19   | Killed a greater mummy
 55891 | Zig:19   | Killed a greater mummy
 55892 | Zig:19   | Noticed a greater mummy
 55906 | Zig:19   | Noticed a greater mummy
 55906 | Zig:19   | HP: 5/292 [greater mummy/divine providence (16)]
 55909 | Zig:19   | Mangled by a greater mummy

Illustrated notes

Levels and vault maps discovered:
D:1:      evilmike_arrival_fibonacci_small, layout_rooms
D:2:      layout_loops_ring, lemuel_doored_altar,
          nicolae_overflow_hidden_temple, serial_glass, glass_columns_b,
          glass_columns_a, grunt_qazlal_sundering
D:3:      minmay_skewed_foursquare, layout_rooms, minitemple, serial_undead,
          serial_undead_a, serial_undead_c, serial_undead_f, serial_undead_a,
          minivault_26, uniq_robin
D:4:      layout_basic, nicolae_overflow_crystal_walls, doesnt_xom_only_xom,
          lemuel_round_altar
D:5:      layout_rooms, old_standard_altar, kennysheep_mini_moat,
          minmay_temple_entry_arrows
D:6:      layout_gridville, serial_shops, nicolae_shop_statue_plus,
          nicolae_shop_waterfront, shop, nicolae_shop_trees, shop
D:7:      layout_rooms, hangedman_glass_teeth
D:8:      layout_loops_ring, basic_altar, serial_shops, shop,
          nicolae_shop_overgrown_old_shop, nicolae_shop_crystal,
          kennysheep_little_box, bloody_makhleb
D:9:      minmay_evil_eye, layout_basic, elyvilon_altar_4, basic_altar,
          disabler_island, uniq_joseph
D:10:     layout_roguey, lair_entry_dummy, erik_orc_2, enter_bailey_2,
          chequers_mini_garden
D:11:     cheibrodos_histonic, layout_basic, serial_shops, nicolae_shop_stone,
          portal_ice_cave_entry_pillars_1
D:12:     layout_roguey, serial_shops, nicolae_shop_trees,
          gauntlet_entry_generic, uniq_nessos, uniq_josephine
D:13:     minmay_expanding_squares, layout_loops_ring, david_vaults_2
D:14:     layout_irregular_city, chequers_decorated_corner
D:15:     grunt_enter_depths_magical_seal, layout_layer_cave,
          chequers_serial_rivers_room_b
Temple:   nicolae_temple_hex_pool
Lair:1:   layout_cellular_growth, minivault_24, mumra_transporter_accident
Lair:2:   layout_small_grid, minmay_shoals_entry_hut, zaba_antful_of_joy,
          uniq_urug
Lair:3:   layout_regular_city, spider_nest_entry_webs,
          chequers_serial_rivers_micro_b, infiniplex_staircase_pool_2,
          serial_bayou_shore_a, serial_bayou_shore_b
Lair:4:   minmay_lair_venomous_thicket, layout_gridlike, gammafunk_ghost_split
Lair:5:   layout_cave_pods, slime_dummy, serial_rivers,
          chequers_serial_rivers_micro_c, chequers_serial_rivers_micro_e,
          chequers_serial_rivers_small_b, chequers_serial_rivers_large_a,
          nicolae_lair_yak_garden, lemuel_fruit_tree
Lair:6:   minmay_lair_end_enchanted_forest, layout_misc_corridors,
          grunt_forest_small_clearing_treed
Shoals:1: layout_shoals, serial_shops, shop
Shoals:2: layout_shoals
Shoals:3: layout_shoals, serial_shops, shop
Shoals:4: shoals_end_simple, layout_shoals, serial_shops,
          nicolae_shop_waterfront
Spider:1: layout_spider_delve
Spider:2: layout_spider_delve
Spider:3: layout_spider_delve
Spider:4: grunt_spider_rune_parallel, spiders_nest_the_unseen
Orc:1:    lemuel_ogre_cave, layout_diamond_mine
Orc:2:    kennysheep_orc_mage_school, layout_caves, serial_shops, shop_fountains
Vaults:1: nicolae_vaults_little_squares_2, v_misc_4,
          nicolae_vaults_little_squares_3, grunt_vaults_funnel,
          grunt_vaults_twisty, vaults_room_stairs_pillars,
          nicolae_vaults_know_your_exits, vaults_dpeg_diagonal,
          nicolae_vaults_network_quinsquares
          [nicolae_vaults_network_quincunx_subvault,
          nicolae_vaults_network_quincunx_subvault,
          nicolae_vaults_network_quincunx_subvault,
          nicolae_vaults_network_quincunx_subvault],
          nicolae_vaults_windows_and_doors_thing, v_misc_19,
          layout_vaults_big_room
Vaults:2: st_squares, grunt_vaults_trifunnel, minmay_crypt_entry_necro_gods,
          hangedman_vaults_nodes, v_alt_pattern_3, hangedman_vaults_stream,
          v_misc_1, hangedman_vaults_stagger, vaults_dpeg_doors,
          nicolae_vaults_stairing_the_circle, layout_vaults_ring,
          nicolae_trove_entry_diagonal
Vaults:3: ontoclasm_vaults_fault, nicolae_vaults_diagonal_hallway_7, v_misc_18,
          grunt_vaults_swirl, nicolae_vaults_little_squares_2,
          layout_vaults_quadrants, serial_shops, shop
Vaults:4: vaults_dpeg_cross, nicolae_vaults_ring_of_whatevers,
          ontoclasm_vaults_chip, minmay_guarded_unrand_guard_vaults,
          v_pattern_3, v_misc_33, hangedman_vaults_snaps, vaults_mumra_hexcomb,
          grunt_vaults_hallway_long, vaults_standard_mumra_x,
          vaults_room_stairs_pillars, layout_vaults_omnicross
Vaults:5
Depths:1: layout_roguey, hell_entry, abyss_entry, minmay_the_grid_2x2
          [minmay_the_grid_spikes, minmay_the_grid_square_x,
          minmay_the_grid_odd_star, minmay_the_grid_prize_inner_circle],
          kennysheep_random_hallway, minmay_shop_grove
Depths:2: gammafunk_the_bubble [the_bubble_gammafunk_plus_minus], layout_basic,
          serial_shops, shop, nrook_campfire, hell_entry,
          hangedman_abyss_or_decor_stagger, infiniplex_staircase_pool_1,
          uniq_sojobo, uniq_nikola
Depths:3: nicolae_legendary_halls, layout_long_grid, enter_ziggurat_f,
          kennysheep_boxes, hell_entry, pan_entry,
          infiniplex_enter_wizlab_spiral, infiniplex_staircase_diamond,
          uniq_saint_roka, uniq_jory
Depths:4: minmay_three_patterns, layout_cave_pools, kennysheep_cluttered_room,
          abyss_entry_small_statue_room, pan_entry, hell_entry
Depths:5: grunt_crosshair, layout_long_grid, serial_shops,
          nicolae_shop_statue_plus, grunt_hell_entry_demonic_statue,
          lemuel_flamethrower_3
Zot:1:    layout_basic
Zot:2:    layout_misc_corridors, st_stairs_10
Zot:3:    hangedman_zot_vaults_quadrants, layout_onion_interference
Zot:4:    layout_gridlike, st_small_dragon_hoard_5
Zot:5:    layout_cathedral_of_symmetry, grunt_ministairs_7, st_stairs_10
Zig:19

Skill      XL: |  1  2  3  4  5  6  7  8  9 10 11 12 13 14 15 16 17 18 19 20 21 22 23 24 25 26 27 |
---------------+----------------------------------------------------------------------------------+-----
Fighting       | 2 3 4 5 6 7 8 9 10 11 12 13 14 15 16 17 18 20 | 20.3
Axes           | 3 4 5 6 7 8 9 10 12 13 14 15 16 17 18 | 18.0
Dodging        | 3 4 5 7 8 10 12 13 15 | 15.8
Invocations    | 1 2 4 5 6 8 9 11 12 13 14 15 16 17 18 19 20 21 22 23 24 | 24.9
Armour         | 2 3 4 5 6 7 8 9 10 11 12 13 15 16 17 18 20 | 20.6
Shields        | 5 9 10 11 14 | 14.7
Throwing       | |  1.7

Action                   |  1- 3 |  4- 6 |  7- 9 | 10-12 | 13-15 | 16-18 | 19-21 | 22-24 | 25-27 || total
-------------------------+-------+-------+-------+-------+-------+-------+-------+-------+-------++-------
Melee: War axe           |   103 |   148 |   462 |   215 |       |       |       |       |       ||   928
       Broad axe         |       |       |       |   463 |  1099 |  1258 |  1187 |  1395 |  1642 ||  7044
       Giant club        |       |       |       |       |    31 |    12 |       |       |       ||    43
       Unarmed           |       |       |       |       |       |       |       |       |     6 ||     6
Throw: Throwing net      |       |       |     3 |     1 |       |       |       |       |       ||     4
Invok: Grand Finale      |       |       |       |     2 |     3 |     1 |     4 |     4 |     5 ||    19
       Line Pass         |       |       |       |       |       |       |       |       |     1 ||     1
Evoke: Wand              |       |       |       |     5 |     7 |       |     5 |     1 |     1 ||    19
       Condenser vane    |       |       |       |       |       |       |       |       |     1 ||     1
  Use: Scroll            |       |       |     2 |    17 |     7 |     5 |     4 |     5 |    27 ||    67
       Potion            |       |       |       |    13 |     1 |       |     2 |       |    17 ||    33
 Stab: Sleeping          |     2 |     1 |       |       |       |       |       |       |       ||     3
       Paralysed         |       |     1 |    23 |    51 |   143 |   211 |   220 |   193 |   355 ||  1197
       Held in net/web   |       |       |       |     2 |     1 |       |       |       |       ||     3
       Invisible         |       |       |       |     1 |       |       |       |       |     3 ||     4
       Distracted        |       |       |       |       |       |       |       |     2 |       ||     2
Armor: Robe              |    51 |    50 |    35 |       |       |       |       |       |       ||   136
       Gold dragon scale |       |       |   428 |   451 |     9 |   624 |   143 |       |   365 ||  2020
       Pearl dragon scal |       |       |       |       |   497 |    56 |   458 |   254 |    88 ||  1353
       Skin              |       |       |       |       |       |       |       |       |    21 ||    21
Dodge: Dodged            |    71 |    84 |   120 |   122 |   354 |   271 |   381 |   227 |   514 ||  2144
Block: Other             |       |       |       |   139 |   155 |   208 |   194 |     5 |       ||   701
       Reflection        |       |       |       |     5 |    10 |    12 |    46 |    77 |       ||   150
       Kite shield       |       |       |       |       |       |       |       |   639 |   460 ||  1099
       Tower shield      |       |       |       |       |       |       |       |       |   436 ||   436

Table legend: (Time is in decaauts)
 A = Elapsed time spent in this place.
 B = Non-inter-level travel time spent in this place.
 C = Inter-level travel time spent in this place.
 D = Time resting spent in this place.
 E = Time spent auto-exploring this place.
 F = Levels seen in this place.
 G = Mean time per level.
                   A        B        C        D        E       F      G
               +--------+--------+--------+--------+--------+-----+--------+
         Total |  53191 |  49565 |   3626 |   3277 |  33160 |  72 |  738.8 |
       Dungeon |  14498 |  13079 |   1419 |    291 |   8996 |  15 |  966.5 |
        Temple |      1 |      1 |      0 |      0 |      0 |   1 |    1.0 |
          Lair |   5547 |   5138 |    409 |    116 |   4098 |   6 |  924.5 |
        Shoals |   3622 |   3517 |    105 |    126 |   2532 |   4 |  905.5 |
   Spider Nest |   3636 |   3387 |    249 |    110 |   2694 |   4 |  909.0 |
  Orcish Mines |   1193 |   1123 |     70 |      0 |    838 |   2 |  596.5 |
        Vaults |   8204 |   7516 |    688 |    920 |   4818 |   5 | 1640.8 |
        Depths |   5983 |   5495 |    488 |      0 |   4129 |   5 | 1196.6 |
           Zot |   5406 |   5211 |    195 |    742 |   3388 |   5 | 1081.2 |
         Abyss |    801 |    801 |      0 |      0 |    384 |   1 |  801.0 |
      Ziggurat |   2159 |   2159 |      0 |    510 |    641 |  19 |  113.6 |
         Trove |     51 |     51 |      0 |      0 |      4 |   1 |   51.0 |
        Bailey |     55 |     55 |      0 |      0 |      0 |   1 |   55.0 |
      Ice Cave |    578 |    578 |      0 |    193 |     16 |   1 |  578.0 |
        Wizlab |    913 |    913 |      0 |      0 |    478 |   1 |  913.0 |
      Gauntlet |    537 |    537 |      0 |    267 |    140 |   1 |  537.0 |
               +--------+--------+--------+--------+--------+-----+--------+

Top non-repeatable levels by time:
Vaults:4: 2418 daAuts
    D:15: 1675 daAuts
Vaults:5: 1566 daAuts
Vaults:1: 1521 daAuts
   Zot:4: 1375 daAuts
Vaults:3: 1367 daAuts
Depths:3: 1342 daAuts
Vaults:2: 1331 daAuts
Shoals:4: 1330 daAuts
   Zot:1: 1293 daAuts
Depths:5: 1293 daAuts
    D:10: 1283 daAuts
    D:11: 1263 daAuts
     D:9: 1194 daAuts
Depths:1: 1191 daAuts
